 Dungeon Crawl Stone Soup version 0.20.1-1-g8b1a95d66d (webtiles) character file.

40 MondaySad the Chopper (level 3, -6/31 HPs)
             Began as a Minotaur Berserker on Dec 12, 2017.
             Was a Believer of Trog.
             Mangled by Crazy Yiuf
             ... wielding a +3 quarterstaff of chaos
              (10 damage)
             ... on level 2 of the Dungeon.
             The game lasted 00:02:16 (1558 turns).

MondaySad the Chopper (Minotaur Berserker)          Turns: 1558, Time: 00:02:17

Health: -6/31      AC:  5    Str: 22    XL:     3   Next: 30%
Magic:  2/2        EV:  7    Int:  4    God:    Trog [**....]
Gold:   56         SH: 13    Dex:  9    Spells: 2/2 levels left

rFire    . . .     SeeInvis .   a - +0 hand axe
rCold    . . .     Gourm    .   e - +0 large shield
rNeg     . . .     Faith    .   o - +0 ring mail
rPois    .         Spirit   .   (helmet restricted)
rElec    .         Reflect  .   (no cloak)
rCorr    .         Harm     .   (no gloves)
MR       .....                  (no boots)
Stlth    ..........             (no amulet)
Regen    0.1/turn               (no ring)
MPRegen  0.1/turn               (no ring)

@: no status effects
A: retaliatory headbutt, horns 2
a: Berserk, Trog's Hand, Burn Spellbooks, Renounce Religion


You were on level 2 of the Dungeon.
You worshipped Trog.
Trog was pleased with you.
You were not hungry.

You visited 1 branch of the dungeon, and saw 2 of its levels.

You collected 56 gold pieces.

Inventory:

Hand Weapons
 a - a +0 hand axe (weapon)
Armour
 b - a +0 animal skin
 e - a +0 large shield (worn)
 o - a +0 ring mail (worn)
Scrolls
 f - a scroll of fear {unknown}
 h - a scroll of blinking {unknown}
 i - a scroll of fog {unknown}
 k - a scroll of enchant weapon {unknown}
 m - a scroll of magic mapping {unknown}
 n - 2 scrolls of teleportation {unknown}
 r - a scroll of enchant armour {unknown}
Potions
 g - a potion of haste {unknown}
 l - a potion of lignification {unknown}
 p - a potion of heal wounds {unknown}
 s - a potion of mutation {unknown}
 t - a potion of brilliance {unknown}
Comestibles
 c - 3 bread rations
 d - 2 royal jellies
 j - a chunk of flesh
 q - 4 fruits


   Skills:
 - Level 3.6 Fighting
 + Level 4.7 Axes
 - Level 2.4 Armour
 - Level 2.1 Dodging
 + Level 2.2 Shields


You had 2 spell levels left.
You didn't know any spells.

Dungeon Overview and Level Annotations

Branches:
Dungeon (2/15)

Altars:

Annotations:
D:2 Crazy Yiuf


Innate Abilities, Weirdness & Mutations

You reflexively headbutt those who attack you in melee.
You have a pair of horns on your head.


Message History

You see here a runed mace.
Found two maces and a runed mace.
Found a runed door.
You see here a mace.
You see here a mace.
You see here a mace.
You see here a runed mace.
You open the door.
Crazy Yiuf the Enlightened comes into view.
He is wielding a quarterstaff of chaos.
Crazy Yiuf shouts!
Crazy Yiuf whimpers, "Aardvark King sow!"
Found six maces and two runed maces.
There is an open door here.
You hit Crazy Yiuf but do no damage.
Crazy Yiuf hits you with a quarterstaff of chaos!
You are electrocuted!
Crazy Yiuf hits you with a quarterstaff of chaos!
* * * LOW HITPOINT WARNING * * *
Your shield and ring mail prevent you from hitting Crazy Yiuf.
Crazy Yiuf hits you with a quarterstaff of chaos!
You die...

#.##.# #(##.# #.##.#
#.#### #.# #.# #.#
#### ♣♣########
#######.# #)))#♣♣
♣♣..#.....#
#.......#
#.)g@)♣♣♣♣......##.#
#.##....#
#)))#♣))♣).....###.#
#.##.##.# ####
♣♣♣)♣)..### #.#
#.##.##.# ♣♣♣♣♣##
#.# # #>##.##.# #.#
# #.##.##.# ### #.#
# #.##.##.#
#####.#######.# #
#<##.##.#####
#.............# #
#.##........#
#.#.###########


You could see Crazy Yiuf.

Vanquished Creatures
  3 dart slugs (D:1)
  A leopard gecko (D:1)
  2 giant cockroaches (D:1)
  3 goblins
  5 hobgoblins
  4 kobolds (D:1)
  2 ball pythons
  5 bats
  A frilled lizard (D:1)
  5 rats
31 creatures vanquished.

Notes
Turn   | Place    | Note
-------+----------+-------------------------------------------
     0 | D:1      | MondaySad the Minotaur Berserker began the quest for the Orb.
     0 | D:1      | Reached XP level 1. HP: 19/19 MP: 0/0
    27 | D:1      | Reached skill level 4 in Axes
   429 | D:1      | Reached skill level 1 in Shields
   429 | D:1      | Reached XP level 2. HP: 26/26 MP: 1/1
  1219 | D:2      | Reached XP level 3. HP: 31/31 MP: 2/2
  1518 | D:2      | Reached ** piety under Trog
  1551 | D:2      | Found a runed door.
  1555 | D:2      | Noticed Crazy Yiuf
  1558 | D:2      | Mangled by Crazy Yiuf

Skill      XL: |  1  2  3 |
---------------+----------+-----
Axes           | 4 |  4.7
Shields        | 1 2 |  2.2
Fighting       | |  3.6
Armour         | |  2.4
Dodging        | |  2.1

Action                   || total
-------------------------++-------
Melee: Hand axe          ||    72
       Headbutt          ||    12
 Stab: Sleeping          ||     1
  Eat: Chunk             ||     2
Armor: Animal skin       ||     4
       Ring mail         ||    13
Dodge: Dodged            ||     6
Block: Large shield      ||    37
